 Dungeon Crawl Stone Soup version 0.23.2 (webtiles) character file.

Game seed: 2798265925044992986

4521 Kinoniko the Shield-Bearer (level 10, -1/84 HPs)
             Began as a Ghoul Fighter on Apr 2, 2019.
             Was an Elder of Yredelemnul.
             Slain by Jabberih's ghost (15 damage)
             ... on level 8 of the Dungeon on Apr 3, 2019.
             The game lasted 00:53:11 (7968 turns).

Kinoniko the Shield-Bearer (Ghoul Fighter)          Turns: 7968, Time: 00:53:12

Health: -1/84      AC: 16    Str: 24 (25) XL:     10   Next: 39%
Magic:  12/12      EV: 16    Int:  5 (6)  God:    Yredelemnul [****..]
Gold:   166        SH:  5    Dex: 10 (11) Spells: 8/9 levels left

rFire    + + .     SeeInvis .   G - +8 dagger of Pogratif {pierce, *Rage Int+3 Dex+2}
rCold    + + .     Gourm    .   Y - +0 buckler
rNeg     + + +     Faith    .   M - +3 leather armour {rF+}
rPois    ∞         Spirit   .   v - +0 helmet
rElec    +         Reflect  .   x - +2 cloak {+Inv}
rCorr    +         Harm     .   e - +2 pair of gloves
MR       .....                  p - +1 pair of boots
Stlth    ++........             (no amulet)
HPRegen  0.00/turn              V - +3 ring of evasion
MPRegen  0.13/turn              U - +2 ring of strength

@: resistant, rotting
A: rotting body, claws 1, carnivore, cold resistance 1, negative energy
resistance 3, inhibited regeneration, torment resistance, unbreathing
a: Recall Undead Slaves, Injury Mirror, Animate Dead, Drain Life, Renounce
Religion, Evoke Invisibility


You were on level 8 of the Dungeon.
You worshipped Yredelemnul.
Yredelemnul was greatly pleased with you.
You were not hungry.

You visited 1 branch of the dungeon, and saw 8 of its levels.

You collected 479 gold pieces.
You spent 313 gold pieces at shops.

Inventory:

Hand Weapons
 G - the +8 dagger of Pogratif (weapon) {pierce, *Rage Int+3 Dex+2}
   (You took it off a crimson imp on level 5 of the Dungeon)

   It inflicts extra damage upon your enemies.
   It affects your intelligence (+3).
   It affects your dexterity (+2).
   It may make you go berserk in combat.
 I - the +9 heavy crossbow "Sniper" {velocity, Acc+∞ SInv}
   (You found it on level 5 of the Dungeon)

   Any bolt fired from it inflicts extra damage.
   It lets you see invisible.
Missiles
 i - 40 bolts
 n - 2 throwing nets (quivered)
Armour
 c - the +5 scale mail of Rotation {rElec rN+, unknown}
   (You found it on level 8 of the Dungeon)

   It insulates you from electricity.
   It protects you from negative energy.
 e - a +2 pair of gloves (worn)
 p - a +1 pair of boots (worn)
 v - a +0 helmet (worn)
 x - a +2 cloak of invisibility (worn)
 M - a +3 leather armour of fire resistance (worn)
 Y - a +0 buckler (worn)
Jewellery
 h - an uncursed ring of stealth {unknown}
 A - an uncursed ring of protection from magic
 U - a +2 ring of strength (right hand)
 V - a +3 ring of evasion (left hand)
Wands
 u - a wand of paralysis (1)
 K - a wand of scattershot (3)
Scrolls
 y - 3 scrolls of teleportation
 z - a scroll of amnesia
 B - 5 scrolls of remove curse
Potions
 a - a potion of brilliance
 d - 2 potions of might
 j - 2 potions of mutation
 l - a potion of cancellation
 q - a potion of haste
 w - a potion of degeneration
 E - a potion of ambrosia
 N - a potion of lignification
 T - a potion of curing
Comestibles
 f - 12 rations


   Skills:
 + Level 6.6 Fighting
 + Level 5.9(6.5) Short Blades
   Level 4.2(5.7) Long Blades
 + Level 4.8 Armour
 + Level 4.5 Dodging
 + Level 3.2 Stealth
 + Level 6.9 Shields
 + Level 0.2 Spellcasting
 + Level 0.2 Necromancy
 + Level 5.1 Invocations
 + Level 1.5 Evocations


You had 8 spell levels left.
You knew the following spells:

 Your Spells              Type           Power        Failure   Level  Hunger
a - Animate Skeleton      Necr           N/A          47%         1    ##.....

Your spell library contained the following spells:

 Spells                   Type           Power        Failure   Level  Hunger
 Apportation              Tloc           #.....       52%         1    ##.....
 Confusing Touch          Hex            #.....       52%         1    ##.....
 Summon Small Mammal      Summ           #...         52%         1    ##.....
 Call Canine Familiar     Summ           #.......     87%         3    ####...
 Cause Fear               Hex            #.........   99%         4    #####..
 Silence                  Hex/Air        #.........   100%        5    ######.
 Summon Mana Viper        Hex/Summ       #.......     100%        5    ######.
 Yara's Violent Unravell  Hex/Tmut       #.........   100%        5    ######.
 Deflect Missiles         Chrm/Air       #.........   100%        6    #######
 Summon Hydra             Summ           #.........   100%        7    #######
 Discord                  Hex            #.........   100%        8    #######


Dungeon Overview and Level Annotations

Branches:
Dungeon (8/15)             Temple (0/1) D:6            Lair (0/6) D:8

Altars:
Ashenzari
Cheibriados
Hepliaklqana
Nemelex Xobeh
Okawaru
Ru
Sif Muna
Vehumet
Xom
Yredelemnul
The Shining One

Shops:
D:6 =

Annotations:
D:8 Jabberih's ghost, novice DsTm


Innate Abilities, Weirdness & Mutations

Your body is rotting away.
You thrive on raw meat.
You are immune to poison.
You have sharp fingernails.
You are carnivorous and can eat meat at any time.
Your flesh is cold resistant. (rC+)
You are immune to negative energy. (rN+++)
You do not regenerate when monsters are visible.
You are immune to unholy pain and torment.
You can survive without breathing.


Message History

Jabberih's ghost resists with almost no effort.
Your mummy closely misses Jabberih's ghost.
Evoke which item? (* to show all) (? for menu, Esc to quit)
Aiming: Corrosive Bolt
Press: ? - help, Shift-Dir - straight line, f/p - Jabberih's ghost
Aim: Jabberih's ghost Really fire in your mummy's direction?
The bolt of acid hits Jabberih's ghost but does no damage.
The bolt of acid misses your mummy.
The now-empty wand crumbles to dust.
You barely miss Jabberih's ghost.
Jabberih's ghost hits you but does no damage.
Jabberih's ghost shouts, "You will never get the ORB!"
Evoke which item? (* to show all) (? for menu, Esc to quit)
Aiming: Paralyse
Press: ? - help, Shift-Dir - straight line, f/p - Jabberih's ghost
Aim: Jabberih's ghost (chance to defeat MR: 15%) Jabberih's ghost resists with almost no effort.
Jabberih's ghost hits you!
You die...
Yredelemnul claims you as an undead slave.

....>..........######.##.........
.................# #..###........
#................####.###........
#.................#..............
...........................#.....
#...........#..............#....#
#..#######..#.....#....#.......##
..## #.#...).....###..##.......#
..♣♣♣♣#.)....M.W@.# ######.....##
♣♣♣..♣..#........## #....###
.♣.)♣#.###.###...## ##...#
...♣#8......##....# ##..#
♣...#...###..#....# ##...##
♣.♣.'...# #.(...### #.....##
....#..####......# #......#
....#8.###.......### #.....##
...♣♣#...#.....#...## #######


You could see Jabberih's ghost and a friendly mummy.

Vanquished Creatures
  2 hippogriffs
  Prince Ribbit (D:6)
  Sigmund (D:6)
  A spriggan (D:8)
  2 hungry ghosts (D:7)
  Menkaure (D:7)
  Duvessa (D:5)
  A water moccasin (D:7)
  A sky beast (D:7)
  A phantom (D:4)
  2 ogres
  2 wolves (D:8)
  3 centaurs (D:7)
  4 bullfrogs
  Dowan (D:5)
  A wyvern skeleton (D:7)
  5 scorpions
  3 wights (D:8)
  A howler monkey (D:6)
  3 crimson imps
  A centaur zombie (D:8)
  A quasit (D:8)
  A hound (D:6)
  Crazy Yiuf (D:2)
  A bullfrog skeleton (D:6)
  7 orc priests
  4 jellies
  8 orc wizards
  An iguana (D:5)
  6 worker ants
  A killer bee zombie (D:7)
  A hound zombie (D:7)
  2 hound skeletons
  A worker ant zombie (D:7)
  5 gnolls (D:3)
  15 adders
  A howler monkey skeleton (D:8)
  2 shadow imps
  11 oozes
  An adder zombie (D:8)
  2 adder skeletons
  2 worms
  8 dart slugs
  8 leopard geckos
  37 orcs
  8 giant cockroaches
  12 goblins
  10 hobgoblins
  17 jackals
  17 kobolds
  4 quokkas
  A ball python (D:1)
  4 bats
  9 frilled lizards
  A jackal skeleton (D:6)
  2 quokka skeletons
  11 rats
261 creatures vanquished.

Vanquished Creatures (collateral kills)
  A spriggan (D:8)
  A howler monkey (D:8)
  An orc wizard (D:5)
  An iguana (D:7)
  A bullfrog skeleton (D:8)
  A worker ant (D:8)
  A gnoll (D:3)
  A worm (D:4)
  An orc (D:3)
  2 jackals (D:6)
11 creatures vanquished.

Vanquished Creatures (others)
  A bullfrog skeleton (D:8)
  A mummy (D:8)
  A scorpion zombie (D:8)
  An adder skeleton (D:5)
  A frilled lizard skeleton (D:4)
  A gnoll skeleton (D:3)
  2 jackal skeletons (D:6)
  A kobold skeleton (D:3)
  2 leopard gecko skeletons
  3 orc skeletons
  A quokka skeleton (D:8)
  A rat zombie (D:3)
  4 fungi
  4 plants (D:8)
  6 toadstools (D:2)
30 creatures vanquished.

Grand Total: 302 creatures vanquished

Notes
Turn   | Place    | Note
-------+----------+-------------------------------------------
     0 | D:1      | Kinoniko the Ghoul Fighter began the quest for the Orb.
     0 | D:1      | Reached XP level 1. HP: 19/19 MP: 0/0
    46 | D:1      | Reached XP level 2. HP: 19/26 MP: 1/1
   383 | D:1      | Reached XP level 3. HP: 30/33 MP: 2/2
   745 | D:2      | Reached XP level 4. HP: 40/40 MP: 3/3
   754 | D:2      | Learned a level 1 spell: Animate Skeleton
  1019 | D:2      | Reached XP level 5. HP: 39/46 MP: 4/4
  1209 | D:2      | Reached XP level 6. HP: 46/52 MP: 5/5
  1303 | D:2      | Found a shattered altar of Ashenzari.
  1303 | D:2      | Found a sacrificial altar of Ru.
  1304 | D:2      | Found a deep blue altar of Sif Muna.
  1304 | D:2      | Found a hazy altar of Hepliaklqana.
  1306 | D:2      | Found a basalt altar of Yredelemnul.
  1306 | D:2      | Found a glowing golden altar of the Shining One.
  1307 | D:2      | Found a radiant altar of Vehumet.
  1334 | D:2      | Became a worshipper of Yredelemnul the Dark
  1465 | D:2      | Found a runed translucent door.
  1466 | D:2      | Noticed Crazy Yiuf
  1582 | D:2      | Killed Crazy Yiuf
  1655 | D:3      | Reached skill level 1 in Dodging
  1735 | D:3      | Found a snail-covered altar of Cheibriados.
  1854 | D:3      | Reached skill level 1 in Stealth
  2048 | D:3      | Reached XP level 7. HP: 57/59 MP: 6/6
  2118 | D:3      | Reached * piety under Yredelemnul
  2609 | D:3      | Reached skill level 1 in Invocations
  2927 | D:4      | Reached skill level 5 in Shields
  3102 | D:4      | Got a scorched hunting sling
  3397 | D:4      | Reached ** piety under Yredelemnul
  3409 | D:4      | Reached XP level 8. HP: 57/66 MP: 8/8
  3730 | D:5      | Entered Level 5 of the Dungeon
  3764 | D:5      | Found the +9 heavy crossbow "Sniper" {velocity, Acc+∞ SInv}
  3825 | D:5      | Reached skill level 1 in Short Blades
  4133 | D:5      | Identified the +8 dagger of Pogratif {pierce, *Rage Int+3
                  | Dex+2}
  4469 | D:5      | Found a shimmering altar of Xom.
  4590 | D:5      | Noticed Dowan
  4701 | D:5      | Noticed Duvessa
  4706 | D:5      | Killed Duvessa
  4706 | D:5      | Reached skill level 5 in Fighting
  4708 | D:5      | Killed Dowan
  4912 | D:6      | Reached *** piety under Yredelemnul
  4912 | D:6      | Reached XP level 9. HP: 74/74 MP: 10/10
  4938 | D:6      | Reached skill level 1 in Evocations
  5000 | D:6      | Noticed Sigmund
  5011 | D:6      | Killed Sigmund
  5297 | D:6      | Found Xiudd's Jewellery Emporium.
  5302 | D:6      | Bought a +2 ring of strength for 82 gold pieces
  5302 | D:6      | Bought a +3 ring of evasion for 231 gold pieces
  5357 | D:6      | Found a staircase to the Ecumenical Temple.
  5466 | D:6      | Noticed Prince Ribbit
  5476 | D:6      | Killed Prince Ribbit
  5495 | D:6      | Received a gift from Yredelemnul (a mummy)
  6115 | D:7      | Found an iron altar of Okawaru.
  6222 | D:7      | Found a sparkling altar of Nemelex Xobeh.
  6347 | D:7      | Noticed Menkaure
  6360 | D:7      | Killed Menkaure
  6602 | D:7      | Reached skill level 5 in Short Blades
  6610 | D:7      | Reached XP level 10. HP: 83/83 MP: 12/12
  6812 | D:7      | Reached **** piety under Yredelemnul
  7175 | D:8      | Found a staircase to the Lair.
  7189 | D:8      | Received a gift from Yredelemnul (a mummy)
  7202 | D:8      | Got a pitted scale mail
  7389 | D:8      | Found a runed translucent door.
  7533 | D:8      | Identified the Reference Book on Mutagenic Creation
  7871 | D:8      | Identified the +9 trident "Qymeuje" {speed, rElec}
  7872 | D:8      | Noticed Jabberih's ghost (novice DsTm)
  7942 | D:8      | Reached skill level 5 in Invocations
  7968 | D:8      | Slain by Jabberih's ghost

Skill      XL: |  1  2  3  4  5  6  7  8  9 10 |
---------------+-------------------------------+-----
Shields        | 3 4 5 6 |  6.9
Long Blades    | 2 3 4 |  4.2
Armour         | 3 4 |  4.8
Fighting       | 4 5 6 |  6.6
Dodging        | 1 2 3 4 |  4.5
Stealth        | 1 2 3 |  3.2
Invocations    | 2 4 5 |  5.1
Short Blades   | 3 5 |  5.9
Evocations     | 1 |  1.5
Spellcasting   | |  0.2
Necromancy     | |  0.2

Action                   |  1- 3 |  4- 6 |  7- 9 | 10-12 || total
-------------------------+-------+-------+-------+-------++-------
Melee: Long sword        |    98 |   251 |   258 |       ||   607
       Short sword       |       |       |   116 |       ||   116
       Dagger            |       |       |   214 |   119 ||   333
Invok: Animate Remains   |       |       |    24 |       ||    24
       Animate Dead      |       |       |    14 |     7 ||    21
       Recall Undead Sla |       |       |       |     2 ||     2
Evoke: Wand              |       |       |    13 |     5 ||    18
  Use: Scroll            |       |     4 |     6 |    11 ||    21
       Potion            |       |     1 |     1 |     9 ||    11
 Stab: Paralysed         |       |       |     1 |     1 ||     2
       Distracted        |       |       |     1 |       ||     1
       Sleeping          |       |       |     1 |     1 ||     2
  Eat: Chunk             |    19 |    21 |    61 |    10 ||   111
       Ration            |       |       |     2 |       ||     2
Armor: Scale mail        |    34 |   173 |   174 |       ||   381
       Leather armour    |       |       |    56 |    24 ||    80
Dodge: Dodged            |    34 |   131 |   197 |    64 ||   426
Block: Shield            |    56 |   176 |   259 |       ||   491
       Buckler           |       |       |     9 |    34 ||    43
       Rpst.: Long sword |     9 |    34 |    20 |       ||    63
